 Dungeon Crawl Stone Soup version 0.31-a0-1074-g0b22e4e0f1 (webtiles) character file.

Game seed: 5661746988730827148

25 IdlyInterested the Ruffian (level 2, -1/31 HPs)
             Began as a Demonspawn Shapeshifter on Dec 7, 2023.
             Slain by Terence
             ... wielding a +0 short sword
              (5 damage)
             ... on level 2 of the Dungeon.
             The game lasted 00:03:08 (848 turns).

IdlyInterested the Ruffian (Demonspawn Shapeshifter) Turns: 848, Time: 00:03:09

Health: -1/31      AC: 21    Str: 18    XL:     2   Next: 82%
Magic:  2/2        EV:  2    Int: 16    God:
Gold:   121        SH:  0    Dex: 11    Spells: 1/1 levels left

rFire   . .          .
                       - Unarmed
rCold   . . .        (no shield)
rNeg    . . .        k - melded +0 chain mail
rPois   +            (helmet currently unavailable)
rElec   .            (cloak currently unavailable)
rCorr   .            (gloves currently unavailable)
SInv    .            (boots currently unavailable)
Will    .....        (no amulet)
Stlth   +            g - +6 ring of intelligence
HPRegen 0.25/turn    (no ring)
MPRegen 0.08/turn

%: no passive effects
@: tree-form
A: stationary, stasis, torment immunity, boosted hp, (horns 1), (hooves 1),
strong 1
a: no special abilities


You were on level 2 of the Dungeon.
You were a tree.
You visited 1 branch of the dungeon, and saw 2 of its levels.

You collected 121 gold pieces.

Inventory:

Missiles
 e - 3 stones (quivered)
 h - 5 javelins
Armour
 k - a +0 chain mail (melded)
Jewellery
 g - a +6 ring of intelligence (left branch)
Talismans
 c - a beast talisman (active)
 d - a flux talisman
Scrolls
 f - a scroll of noise
 j - a scroll of enchant weapon
 l - a scroll of immolation
 n - a scroll of acquirement
 o - a scroll of summoning {unknown}
Potions
 a - a potion of might {unknown}
 b - a potion of lignification
 m - a potion of magic {unknown}


   Skills:
 - Level 1.0 Fighting
 * Level 2.4 Dodging
 - Level 3.0 Unarmed Combat
 + Level 3.0 Shapeshifting


You had one spell level left.
You didn't know any spells.
Your spell library was empty.

Dungeon Overview and Level Annotations

Branches:
Dungeon (2/15)

Altars:

Annotations:
D:2 Terence


Innate Abilities, Weirdness & Mutations

You are a tree.
Your roots penetrate the ground, keeping you stationary.
You cannot be teleported.
You are immune to unholy pain and torment.
Your maximum health is greatly increased.
Your equipment is partially melded.
((You have a pair of small horns on your head.))
((You have large cloven feet.))
Your muscles are strong. (Str +4, Int/Dex -1)


Message History

Terence hits you with a +0 short sword.
You hit Terence but do no damage. You kick Terence.
Terence is moderately wounded.
Terence barely misses you.
You hit Terence but do no damage. You kick Terence. You headbutt Terence.
Terence is severely wounded.
Terence hits you with a +0 short sword.
You hit Terence but do no damage. Your headbutt misses Terence.
Terence is severely wounded.
Terence hits you with a +0 short sword.
You barely miss Terence. You kick Terence, but do no damage.
Terence is heavily wounded.
Terence hits you with a +0 short sword.
* * * LOW HITPOINT WARNING * * *
You hit Terence but do no damage. You kick Terence, but do no damage.
Terence is heavily wounded.
Terence hits you with a +0 short sword.
* * * LOW HITPOINT WARNING * * *
You hit Terence. Your kick misses Terence.
You headbutt Terence, but do no damage.
Terence is severely wounded.
Terence barely misses you.
You hit Terence. You kick Terence, but do no damage.
Terence is almost dead.
Terence hits you but does no damage.
You barely miss Terence. You kick Terence, but do no damage.
Terence is almost dead.
You hit Terence.
Terence is almost dead.
Terence hits you with a +0 short sword.
* * * LOW HITPOINT WARNING * * *
You barely miss Terence. You headbutt Terence, but do no damage.
Terence is almost dead.
Terence hits you but does no damage.
Your transformation has ended.
You turn into a tree.
Your +0 chain mail melds into your body.
Your roots penetrate the ground.
Terence hits you with a +0 short sword.
You die...
Terence says, "Time to find some more victims."

.. ..##..# #.##.##...
#.##.##..# # #.##.##..#
. #.##.##..#
#######.##.##.?###...
...........##........
..............######..#.
#######.........♣@......
.......##.###.#######.#.
................
..........#.....#
...###.##.#.###.# ...#
#.##.#.# .# ...# #.# .#.
+# ...# #.. .### ###


You could see Terence.

Vanquished Creatures
  An adder (D:2)
  2 ball pythons (D:1)
  2 endoplasms (D:1)
  3 hobgoblins
  3 bats
  A frilled lizard (D:2)
  A kobold (D:1)
  3 rats (D:1)
16 creatures vanquished.

Notes
Turn   | Place    | Note
-------+----------+-------------------------------------------
     0 | D:1      | IdlyInterested the Demonspawn Shapeshifter began the quest
                  | for the Orb.
     0 | D:1      | Reached XP level 1. HP: 15/15 MP: 1/1
   244 | D:1      | Discovered your monstrous ancestry.
   244 | D:1      | Gained mutation: You have a pair of small horns on your
                  | head. [demonic ancestry]
   244 | D:1      | Reached XP level 2. HP: 20/21 MP: 2/2
   255 | D:1      | Found a faded altar of an unknown god.
   686 | D:2      | Gained mutation: You are occasionally teleported next to
                  | monsters. [potion of mutation]
   687 | D:2      | Lost mutation: You are occasionally teleported next to
                  | monsters. [potion of mutation]
   687 | D:2      | Gained mutation: Your body sometimes deteriorates upon
                  | taking damage. [potion of mutation]
   687 | D:2      | Gained mutation: Your spells are a little easier to cast,
                  | but a little less powerful. [potion of mutation]
   688 | D:2      | Lost mutation: Your spells are a little easier to cast, but
                  | a little less powerful. [potion of mutation]
   688 | D:2      | Lost mutation: Your body sometimes deteriorates upon taking
                  | damage. [potion of mutation]
   688 | D:2      | Gained mutation: Your muscles are strong. (Str +4, Int/Dex
                  | -1) [potion of mutation]
   688 | D:2      | Gained mutation: You have large cloven feet. [potion of
                  | mutation]
   759 | D:2      | Identified a scroll of acquirement
   831 | D:2      | Noticed Terence
   848 | D:2      | Slain by Terence

Illustrated notes

Levels and vault maps discovered:
D:1:      scummos_arrival_star, layout_loops_cross,
          shapermc_ecumenical_altar_acropolis, minmay_crystal_water
D:2:      layout_basic, chequers_jeans, uniq_jessica, uniq_terence

Skill      XL: |  1  2 |
---------------+-------+-----
Unarmed Combat | 3 |  3.0
Dodging        | 2 |  2.4
Shapeshifting  | 3 |  3.0
Fighting       | |  1.0

Action                     || total
---------------------------++-------
  Melee: Unarmed           ||    52
         Kick              ||     8
         Headbutt          ||     6
Ability: Begin Untransform ||     1
    Use: Scroll            ||     4
         Potion            ||     4
 Armour: Ring mail         ||     8
         Leather armour    ||     3
         Chain mail        ||    31
         Skin              ||     1
  Dodge: Dodged            ||    17
   Form: Beast             ||     1

Table legend: (Time is in decaauts)
 A = Elapsed time spent in this place.
 B = Non-inter-level travel time spent in this place.
 C = Inter-level travel time spent in this place.
 D = Time resting spent in this place.
 E = Time spent auto-exploring this place.
 F = Levels seen in this place.
 G = Mean time per level.
                   A        B        C        D        E       F      G
               +--------+--------+--------+--------+--------+-----+--------+
         Total |    844 |    813 |     31 |     57 |    472 |   2 |  422.0 |
       Dungeon |    844 |    813 |     31 |     57 |    472 |   2 |  422.0 |
               +--------+--------+--------+--------+--------+-----+--------+

Top non-repeatable levels by time:
     D:1: 646 daAuts
     D:2: 198 daAuts
